[Event "Team 45 45 League T82"]
[Site "Internet Chess Club"]
[Date "2019.09.29"]
[Round "1"]
[White "cadmiumorange"]
[Black "MacroPawn"]
[Result "1/2-1/2"]
[WhiteElo "1777"]
[BlackElo "1707"]
[Opening "QGD: 4.Nf3"]
[ECO "D37"]
[Time "14:00:42"]
[TimeControl "2700+45"]

1. Nf3 Nf6 2. d4 e6 3. c4 d5 4. Nc3 b6 5. Bf4 Bb7 6. e3 Be7 7. cxd5 Nxd5 8. Nxd5
Bxd5 9. a3 O-O 10. Bd3 Nd7 11. Qc2 c5 12. Bxh7+ Kh8 13. Be4 Nf6 14. Bxd5 Nxd5
15. Bg3 cxd4 16. Nxd4 Bf6 17. O-O Rc8 18. Qe2 g6 19. Rfd1 Qe7 20. e4 Qc5 21. e5
Bg5 22. h4 Bh6 23. h5 Qe7 24. Nb5 {Game drawn by mutual agreement} 1/2-1/2

[Event "Team 45 45 League T82"]
[Site "Internet Chess Club"]
[Date "2019.09.29"]
[Round "1"]
[White "walkover"]
[Black "carvajales"]
[Result "1-0"]
[WhiteElo "1719"]
[BlackElo "1667"]
[Opening "French: Fort Knox variation"]
[ECO "C03"]
[Time "07:01:49"]
[TimeControl "2700+45"]

1. e4 e6 2. d4 d5 3. Nd2 dxe4 4. Nxe4 Bd7 5. Nf3 Bc6 6. Neg5 Bd6 7. Nxf7 Kxf7 8.
Ng5+ Ke8 9. Bd3 Qf6 10. Nxh7 Rxh7 11. Bxh7 Ne7 12. Qg4 Nd7 13. Bg5 Qf7 14. Bxe7
Kxe7 15. O-O-O Nf6 16. Qg5 Kd7 17. Bg6 Qf8 18. Kb1 Nd5 19. Be4 Re8 20. Bf3 Bf4
21. Qg4 Qf6 22. c4 Ne7 23. d5 Kc8 24. dxc6 Nxc6 25. Bxc6 bxc6 26. Rhe1 Kb8 27.
g3 Bd6 28. f4 Ka8 29. Qf3 Kb7 30. Rd3 Rb8 31. Rb3+ Kc8 32. Rxb8+ Kxb8 33. Qxc6
Qd4 34. Qe8+ Kb7 35. Qxe6 Qd3+ 36. Ka1 Bb4 37. Qe4+ Qxe4 38. Rxe4 {Black
resigns} 1-0

[Event "Team 45 45 League T82"]
[Site "Internet Chess Club"]
[Date "2019.09.29"]
[Round "1"]
[White "smsxman"]
[Black "nathanpillay"]
[Result "0-1"]
[WhiteElo "1384"]
[BlackElo "1784"]
[Opening "French: MacCutcheon, Chigorin variation"]
[ECO "C12"]
[Time "09:00:31"]
[TimeControl "2700+45"]

1. e4 e6 2. Nc3 d5 3. d4 Nf6 4. Bg5 Bb4 5. e5 h6 6. exf6 hxg5 7. fxg7 Rg8 8. Qh5
Qf6 9. Qe2 Qxd4 10. Rd1 Bxc3+ 11. bxc3 Qxc3+ 12. Rd2 Nc6 13. Nf3 Rxg7 14. h4 g4
15. Ng5 g3 16. fxg3 Qxg3+ 17. Qf2 Qxf2+ 18. Kxf2 f6 19. Nf3 Kf7 20. Kg1 Bd7 21.
h5 Rh8 22. Bd3 Ne7 23. Rf2 Ke8 24. h6 Rf7 25. h7 e5 26. Nh4 e4 27. Be2 Rfxh7 28.
g3 f5 29. Rfh2 Rg8 30. Kf2 Rhg7 31. Bh5+ Kd8 32. Rg2 d4 33. Rd1 c5 34. Kg1 Rxg3
35. Rxg3 Rxg3+ 36. Kh2 f4 {White resigns} 0-1

[Event "Team 45 45 League T82"]
[Site "Internet Chess Club"]
[Date "2019.09.28"]
[Round "1"]
[White "ivanson"]
[Black "dabodhi"]
[Result "1/2-1/2"]
[WhiteElo "1661"]
[BlackElo "1319"]
[Opening "Pirc defense"]
[ECO "B07"]
[Time "19:09:40"]
[TimeControl "2700+45"]

1. e4 d6 2. d4 Nf6 3. Nc3 Nbd7 4. g4 e5 5. g5 Ng8 6. Be3 c6 7. Nf3 Be7 8. Qd2 f6
9. O-O-O h6 10. gxh6 Nxh6 11. Nh4 Nf8 12. Nf3 Ng4 13. Be2 Nxe3 14. Qxe3 g5 15.
dxe5 fxe5 16. Kb1 Rh3 17. Qd2 Ne6 18. Rhg1 Nf4 19. Rg3 Rxg3 20. hxg3 Nxe2 21.
Qxe2 Bg4 22. Qe3 Qb6 23. Qxb6 axb6 24. Rd3 b5 25. Nh2 Be6 26. a3 O-O-O 27. Rd1
Rf8 28. f3 Kc7 29. Kc1 Kb6 {Game drawn by mutual agreement} 1/2-1/2

[Event "Team 45 45 League T82"]
[Site "Internet Chess Club"]
[Date "2019.09.26"]
[Round "1"]
[White "BrianWood"]
[Black "fishhead"]
[Result "1-0"]
[WhiteElo "1625"]
[BlackElo "1624"]
[Opening "King's Indian defense, 3.Nc3"]
[ECO "E61"]
[Time "20:06:30"]
[TimeControl "2700+45"]

1. d4 Nf6 2. c4 g6 3. Nc3 d6 4. Nf3 c6 5. Bg5 Bg7 6. e3 h6 7. Bh4 g5 8. Bg3 Nh5
9. Nd2 Nxg3 10. hxg3 e5 11. dxe5 dxe5 12. Nde4 Ke7 13. Qb3 Qc7 14. Qa3+ Ke6 15.
O-O-O Bf8 16. c5 b5 17. Qb3+ Kf5 18. Nd6+ Kg6 19. Qc2+ Kg7 20. Nf5+ Bxf5 21.
Qxf5 Bxc5 22. Ne4 Be7 23. Be2 Bd8 24. Bh5 Qe7 25. Rd6 Bc7 26. Rf6 Rf8 27. Rxh6
{Black resigns} 1-0

[Event "Team 45 45 League T82"]
[Site "Internet Chess Club"]
[Date "2019.09.27"]
[Round "1"]
[White "Goli"]
[Black "Demachaeron"]
[Result "1-0"]
[WhiteElo "1680"]
[BlackElo "1756"]
[Opening "Scandinavian (center counter) defense"]
[ECO "B01"]
[Time "17:11:04"]
[TimeControl "2700+45"]

1. e4 d5 2. exd5 Qxd5 3. Nc3 Qd8 4. d4 Nf6 5. Nf3 Bf5 6. Bc4 e6 7. O-O Be7 8.
Re1 O-O 9. Nh4 Bxc2 10. Qxc2 Qxd4 11. Ne4 Nxe4 12. Rxe4 Qc5 13. Nf3 Nc6 14. a3
Bf6 15. Be3 Qa5 16. Rd1 Rad8 17. Bd3 g6 18. Bc5 Rfe8 19. b4 Qxa3 20. b5 Qa5 21.
Ra4 Rxd3 22. Rxd3 Qxb5 23. g3 b6 24. Be3 a5 25. Rd7 Rc8 26. Rf4 e5 27. Rxf6 Nd4
28. Rxd4 exd4 29. Nxd4 Qe5 30. Rc6 a4 31. Rxb6 a3 32. Ra6 c5 33. Rxa3 Rc7 34.
Bf4 Qe1+ 35. Kg2 Rc8 36. Nf3 Qe7 37. Rc3 f6 38. Be3 g5 39. Bxc5 Qb7 40. Bd4 g4
41. Rxc8+ {Black resigns} 1-0

[Event "Team 45 45 League T82"]
[Site "Internet Chess Club"]
[Date "2019.09.27"]
[Round "1"]
[White "President"]
[Black "Egmont"]
[Result "1-0"]
[WhiteElo "1663"]
[BlackElo "1582"]
[Opening "Nimzovich-Larsen attack: classical variation"]
[ECO "A01"]
[Time "12:00:19"]
[TimeControl "2700+45"]

1. b3 d5 2. Bb2 Nd7 3. e3 f6 4. c4 e6 5. cxd5 exd5 6. Nf3 Bd6 7. Be2 Ne7 8. Ba3
Bxa3 9. Nxa3 c6 10. O-O O-O 11. d4 Nf5 12. Qc2 Nb6 13. Bd3 g6 14. Nb1 Nd6 15.
Nbd2 Bf5 16. Rfe1 Bxd3 17. Qxd3 Qd7 18. e4 dxe4 19. Nxe4 Nxe4 20. Rxe4 Rae8 21.
Rae1 Rxe4 22. Qxe4 Nd5 23. Qe6+ Qxe6 24. Rxe6 Kf7 25. Re2 Re8 26. Rd2 Re4 27.
Kf1 Ke6 28. g3 Ne7 29. Rc2 g5 30. h3 h5 31. Rc4 b5 32. Nd2 bxc4 33. Nxe4 cxb3
34. axb3 Kd5 35. f3 Ng8 36. Ke2 Kxd4 37. Kd2 a5 38. Nd6 Kc5 39. Nf7 Kb4 40. Kc2
c5 41. Nd6 Ne7 42. Ne4 Nd5 43. Kd3 f5 44. Nxg5 Kxb3 45. Ne6 Nb4+ 46. Kd2 c4 47.
Nc5+ Kb2 48. Na4+ Ka3 49. Nc3 Na2 50. g4 fxg4 51. fxg4 hxg4 52. hxg4 Kb4 53.
Nxa2+ Kc5 54. Nc3 Kd4 55. g5 Ke5 56. Ne4 Kf5 57. Kc3 a4 58. Kxc4 a3 59. Kb3 a2
60. Kxa2 Kg6 61. Kb3 Kf5 62. Kc4 Kg6 63. Kd5 Kf5 64. Kd6 Kg6 65. Ke6 Kg7 66. Kf5
Kf7 67. g6+ Kg7 68. Nd6 Kg8 69. Kf6 Kf8 70. g7+ Kg8 71. Ne8 {Black resigns} 1-0

[Event "Team 45 45 League T82"]
[Site "Internet Chess Club"]
[Date "2019.09.29"]
[Round "1"]
[White "ElValero"]
[Black "fledermaus"]
[Result "0-1"]
[WhiteElo "1784"]
[BlackElo "1907"]
[Opening "QGD: 4.Nf3"]
[ECO "D37"]
[Time "10:01:39"]
[TimeControl "2700+45"]

1. Nf3 d5 2. d4 Nf6 3. c4 e6 4. Nc3 Nbd7 5. cxd5 exd5 6. Bg5 c6 7. e3 Be7 8. Bd3
O-O 9. O-O Re8 10. Qc2 Nf8 11. Bxf6 Bxf6 12. b4 Bg4 13. Nd2 Rc8 14. Rfc1 g6 15.
Qb3 Be6 16. Rab1 Nd7 17. Na4 b5 18. Nc5 Nb6 19. Qc2 Nc4 20. Bxc4 dxc4 21. Nxe6
Rxe6 22. Ne4 Be7 23. Nc3 a6 24. Rd1 Rd6 25. Ne4 Rd7 26. d5 cxd5 27. Nc3 d4 28.
exd4 Rxd4 29. Rxd4 Qxd4 30. Rd1 Qe5 31. a3 Rd8 32. Rxd8+ Bxd8 33. g3 a5 34. Qd2
Bf6 35. Nb1 axb4 36. Qxb4 Qb2 37. Kg2 Bd4 {White resigns} 0-1

[Event "Team 45 45 League T82"]
[Site "Internet Chess Club"]
[Date "2019.09.29"]
[Round "1"]
[White "zepled37"]
[Black "Portola"]
[Result "0-1"]
[WhiteElo "1669"]
[BlackElo "1692"]
[Opening "Réti: King's Indian attack (Barcza system)"]
[ECO "A07"]
[Time "10:26:53"]
[TimeControl "2700+45"]

1. Nf3 d5 2. g3 h6 3. Bg2 Bf5 4. d4 c6 5. O-O Nf6 6. c4 e6 7. Nc3 Nbd7 8. b3 Be7
9. Re1 O-O 10. Bd2 Ne4 11. h3 Bf6 12. e3 Qc7 13. Nxe4 Bxe4 14. Nh2 Bxg2 15. Kxg2
dxc4 16. bxc4 c5 17. Ng4 cxd4 18. Nxf6+ Nxf6 19. exd4 Qxc4 20. Be3 Qd5+ 21. Kh2
Rac8 22. Qa4 a6 23. Rec1 Rfd8 24. Rc5 Rxc5 25. dxc5 Qc6 26. Qh4 Qf3 27. Rc1 Qh5
28. Qf4 Nd5 29. Qd4 Rc8 30. Bd2 Qg6 31. Qb2 Qf5 32. Be1 Rc7 33. Rc4 Qd3 34. Rg4
f6 35. Rd4 Qb5 36. Qxb5 axb5 37. Bb4 Nxb4 38. Rxb4 Rxc5 39. a4 bxa4 40. Rxa4 b5
41. Ra8+ Kf7 42. Ra7+ Kg6 43. Rb7 e5 44. Kg2 e4 45. g4 h5 46. Kf1 hxg4 47. hxg4
Rg5 48. Ke2 Rxg4 49. Rxb5 f5 50. Ke3 Rh4 51. Rb7 Rh3+ 52. Kf4 Rf3+ 53. Ke5 Rxf2
54. Rb6+ Kg5 {White resigns} 0-1

[Event "Team 45 45 League T82"]
[Site "Internet Chess Club"]
[Date "2019.09.27"]
[Round "1"]
[White "VictorRed"]
[Black "Grenadier"]
[Result "1-0"]
[WhiteElo "1694"]
[BlackElo "1627"]
[Opening "Queen's pawn game"]
[ECO "A45"]
[Time "20:02:44"]
[TimeControl "2700+45"]

1. d4 Nf6 2. g3 d6 3. Bg2 Nbd7 4. Nf3 c5 5. O-O Rb8 6. d5 b5 7. Re1 Bb7 8. e4 g6
9. Nc3 a6 10. e5 dxe5 11. Nxe5 Bg7 12. Nc6 Bxc6 13. dxc6 Nb6 14. Bf4 Qxd1 15.
Raxd1 Rc8 16. c7 e6 17. Bb7 O-O 18. Bxa6 b4 19. Nb5 Nfd5 20. Bd6 Rfe8 21. Bxc5
Bxb2 22. Bxb6 Nxb6 23. Bxc8 Rxc8 24. Rd8+ Kg7 25. Rxc8 Nxc8 26. Rd1 Be5 27. Rd8
Nb6 28. Rb8 Nc8 29. Rxc8 {Black resigns} 1-0

[Event "Team 45 45 League T82"]
[Site "Internet Chess Club"]
[Date "2019.09.26"]
[Round "1"]
[White "GoIrish"]
[Black "andrew37"]
[Result "0-1"]
[WhiteElo "1516"]
[BlackElo "1646"]
[Opening "Réti opening"]
[ECO "A04"]
[Time "17:04:31"]
[TimeControl "2700+45"]

1. Nf3 c5 2. g3 g6 3. Bg2 Bg7 4. O-O Nf6 5. d3 O-O 6. e4 d6 7. Nbd2 Nc6 8. c3
Rb8 9. a4 a6 10. Nc4 d5 11. exd5 Nxd5 12. Ne3 Nc7 13. Nc4 Bf5 14. Ne1 Qd7 15.
Nb6 Qe6 16. Bf4 Be5 17. Bxe5 Nxe5 18. a5 Rfd8 19. d4 cxd4 20. cxd4 Bh3 21. Bxh3
Qxh3 22. Qc2 Ng4 23. Nf3 Nb5 24. Rfd1 Nxd4 25. Nxd4 Qxh2+ 26. Kf1 Rxd4 27. Rxd4
Ne3+ 28. fxe3 Qxc2 29. b4 Qc3 30. Re1 e5 31. Nd5 Qc2 32. Rdd1 Kg7 33. e4 Rc8 34.
Ne3 Qxe4 35. g4 Qf3+ 36. Kg1 Rc3 {White resigns} 0-1

[Event "Team 45 45 League T82"]
[Site "Internet Chess Club"]
[Date "2019.09.28"]
[Round "1"]
[White "room-matt"]
[Black "laurenpar"]
[Result "1-0"]
[WhiteElo "1847"]
[BlackElo "1866"]
[Opening "French: Winawer, advance, Bogolyubov variation"]
[ECO "C17"]
[Time "01:43:43"]
[TimeControl "2700+45"]

1. e4 e6 2. d4 d5 3. Nc3 Bb4 4. e5 c5 5. Bd2 Bd7 6. f4 Ne7 7. Nb5 Bxb5 8. Bxb5+
Nbc6 9. Bxb4 cxb4 10. Nf3 Nf5 11. Qd2 Qb6 12. Bxc6+ bxc6 13. g4 Ne7 14. Qd3 h5
15. Rg1 hxg4 16. Rxg4 Nf5 17. O-O-O c5 18. dxc5 Qxc5 19. Nd4 Nxd4 20. Qxd4 Rc8
21. Qxc5 Rxc5 22. Rxg7 Rxh2 23. Rd2 Rh1+ 24. Rd1 Rxd1+ 25. Kxd1 Rc4 26. Rg4 Re4
27. Kd2 Kd7 28. Kd3 Kc6 29. Rh4 a5 30. Rg4 Kc5 31. Kd2 Kd4 32. a4 bxa3 33. bxa3
Kc4 34. Rh4 d4 35. a4 Kd5 36. Rg4 d3 37. cxd3 Rxa4 38. Ke3 Rb4 39. Rg8 Kc6 40.
Ra8 Kb5 41. Ra7 Ka4 42. Rxf7 Kb3 43. f5 exf5 44. Rxf5 a4 45. e6 a3 46. e7 a2 47.
e8=Q a1=Q 48. Qg8+ Kc2 49. Rf2+ {Black resigns} 1-0

[Event "Team 45 45 League T82"]
[Site "Internet Chess Club"]
[Date "2019.09.30"]
[Round "1"]
[White "fishhead"]
[Black "cadmiumorange"]
[Result "1-0"]
[WhiteElo "1646"]
[BlackElo "1745"]
[Opening "Scandinavian defense"]
[ECO "B01"]
[Time "14:00:49"]
[TimeControl "2700+45"]

1. e4 d5 2. exd5 Nf6 3. d4 Bg4 4. f3 Bf5 5. Bd3 Bxd3 6. Qxd3 Qxd5 7. c4 Qd7 8.
Nc3 c5 9. Bf4 Nc6 10. d5 O-O-O 11. O-O-O e5 12. Bg5 Nd4 13. Nge2 Be7 14. Bxf6
gxf6 15. Nxd4 cxd4 16. Ne4 Kb8 17. Kb1 Rhg8 18. d6 Rxg2 19. dxe7 Qxe7 20. Rdg1
Rdg8 21. Rxg2 Rxg2 22. Qf1 Rg8 23. c5 Rc8 24. Qb5 Rc6 25. Rg1 a6 26. Rg8+ Ka7
27. Qc4 f5 28. Nd6 Qd7 29. Rg7 d3 30. Qxd3 Rxc5 31. Rxf7 Qc6 32. Rxb7+ Ka8 33.
Qd2 Rd5 34. Qc3 Rc5 35. Qd2 Rd5 36. Qe2 Rxd6 37. Rxh7 Qc5 38. a3 Rb6 39. Qd3 Rd6
40. Qb3 Rb6 41. Qf7 Rb8 42. Qxf5 Qb5 43. Qe4+ {Black resigns} 1-0

[Event "Team 45 45 League T82"]
[Site "Internet Chess Club"]
[Date "2019.09.28"]
[Round "1"]
[White "elmaestro"]
[Black "bobhill"]
[Result "0-1"]
[WhiteElo "1686"]
[BlackElo "1813"]
[Opening "Queen's pawn: stonewall attack"]
[ECO "D00"]
[Time "23:09:45"]
[TimeControl "2700+45"]

1. d4 d5 2. e3 Nf6 3. Bd3 Bg4 4. Nf3 e6 5. Nbd2 Bd6 6. h3 Bh5 7. c3 c6 8. e4
dxe4 9. Nxe4 Nxe4 10. Bxe4 Nd7 11. g4 Bg6 12. Bc2 Qc7 13. Bxg6 hxg6 14. Ng5 Nf6
15. Qf3 O-O-O 16. Nxf7 Qxf7 17. g5 Rh5 18. gxf6 Qxf6 19. Qxf6 gxf6 20. Kf1 e5
21. Be3 e4 22. d5 c5 23. c4 f5 24. b4 b6 25. bxc5 bxc5 26. Rb1 f4 27. Bd2 Rdh8
28. Rb3 f3 29. Be3 Rxh3 30. Rxh3 Rxh3 31. Ke1 Rh1+ 32. Kd2 Ra1 33. Ra3 Kb7 34.
Rb3+ Kc7 35. Ra3 Kb6 36. Rb3+ Ka5 37. Rb5+ Ka4 38. Bxc5 Rxa2+ 39. Ke1 Bf4 40.
Rb1 g5 41. d6 g4 42. d7 Re2+ 43. Kf1 Rd2 44. Bxa7 Rxd7 45. c5 Rh7 46. Kg1 Bh2+
47. Kf1 Bb8 48. Bxb8 Rh1# {White checkmated} 0-1

[Event "Team 45 45 League T82"]
[Site "Internet Chess Club"]
[Date "2019.09.29"]
[Round "1"]
[White "Martini999"]
[Black "janh"]
[Result "1-0"]
[WhiteElo "1788"]
[BlackElo "1832"]
[Opening "Caro-Kann: two knights, 3...Bg4"]
[ECO "B11"]
[Time "19:02:35"]
[TimeControl "2700+45"]

1. e4 c6 2. Nc3 d5 3. Nf3 Bg4 4. d4 e6 5. h3 Bh5 6. Bd3 Nf6 7. e5 Nfd7 8. g4 Bg6
9. Bxg6 hxg6 10. Ne2 c5 11. c3 Nc6 12. Be3 Be7 13. Kf1 Qc7 14. Kg2 cxd4 15. cxd4
O-O-O 16. a3 Kb8 17. b4 Rc8 18. Rc1 Qd8 19. Bd2 a6 20. Nc3 f6 21. exf6 gxf6 22.
b5 axb5 23. Nxb5 e5 24. Be3 Qa5 25. Qb3 Nb6 26. dxe5 Nc4 27. exf6 Nxe3+ 28. Qxe3
Bxf6 29. Rb1 Be7 30. Ne5 Bd8 31. Nxc6+ {Black resigns} 1-0

[Event "Team 45 45 League T82"]
[Site "Internet Chess Club"]
[Date "2019.09.28"]
[Round "1"]
[White "sergerich191"]
[Black "iSeba"]
[Result "0-1"]
[WhiteElo "1758"]
[BlackElo "1767"]
[Opening "Two knights defense (Modern bishop's opening)"]
[ECO "C55"]
[Time "14:00:16"]
[TimeControl "2700+45"]

1. e4 e5 2. Nf3 Nc6 3. Bc4 Nf6 4. d3 Be7 5. c3 O-O 6. Nbd2 d6 7. Nf1 Na5 8. Bb5
a6 9. Ba4 b5 10. Bc2 c5 11. h3 Be6 12. Ng3 Nc6 13. O-O Ra7 14. d4 exd4 15. cxd4
cxd4 16. Nxd4 Nxd4 17. Qxd4 Rc7 18. Bd3 d5 19. e5 Nd7 20. Nf5 Bc5 21. Qf4 Bxf5
22. Qxf5 g6 23. Qf4 Re8 24. Re1 Rc6 25. b4 Rf6 26. exf6 Rxe1+ 27. Kh2 Bf8 28.
Bb2 Re6 29. Kg1 Nxf6 30. Rc1 Qd6 31. Qxd6 Bxd6 32. Rc8+ Kg7 33. g4 Be5 34. Bc1
h5 35. f3 hxg4 36. hxg4 Nd7 37. Kg2 Nb6 38. Rc2 Nc4 39. a4 Bd6 40. axb5 axb5 41.
Bd2 Kf6 42. Bc3+ Be5 43. Bd2 Ra6 44. f4 Bd6 45. Bc3+ Ke7 46. Re2+ Kd7 47. Bxc4
dxc4 48. Rd2 Kc6 49. f5 gxf5 50. gxf5 Ra3 51. Rc2 Rb3 {White resigns} 0-1

[Event "Team 45 45 League T82"]
[Site "Internet Chess Club"]
[Date "2019.09.27"]
[Round "1"]
[White "VictorRed"]
[Black "MarcB"]
[Result "0-1"]
[WhiteElo "1680"]
[BlackElo "1713"]
[Opening "Alekhine's defense: Maróczy variation"]
[ECO "A00"]
[Time "17:31:26"]
[TimeControl "2700+45"]

1. d3 Nf6 2. e4 e5 3. Nf3 Nc6 4. Nc3 d5 5. Bg5 Bb4 6. exd5 Bxc3+ 7. bxc3 Qxd5 8.
Bxf6 gxf6 9. Qd2 Bg4 10. Be2 O-O-O 11. h3 Be6 12. c4 Qc5 13. Qc3 Qb4 14. Qxb4
Nxb4 15. Bd1 e4 16. dxe4 Bxc4 17. a3 Nc6 18. Nd2 Ba6 19. Nb3 f5 20. Nc5 Bc4 21.
f3 b6 22. Nb3 Rhe8 23. Kf2 fxe4 24. fxe4 Rxe4 25. Bf3 Rf4 26. Kg3 Rf6 27. Rhe1
Bd5 28. Bg4+ Kb7 29. Re3 Rg8 30. Kh2 Rf2 31. Rg1 Rxc2 32. Na1 Rb2 33. Bf3 Bxf3
34. Rxf3 Rg7 35. Nb3 Ne5 36. Re3 Nc4 37. Rf3 Ra2 38. Nd4 Rxa3 39. Rxa3 Nxa3 40.
Ra1 Nc4 41. Nb5 a6 42. Nd4 c5 43. Nf5 Rg6 44. g4 Nd6 45. Nh4 Re6 46. Rd1 Kc6 47.
Nf3 f6 48. Rc1 Kb7 49. Rc2 Re3 50. Kg3 Re6 51. Kf4 Re4+ 52. Kg3 Rc4 53. Rd2 Ne4+
{White resigns} 0-1

[Event "Team 45 45 League T82"]
[Site "Internet Chess Club"]
[Date "2019.10.01"]
[Round "1"]
[White "DaveTheRook"]
[Black "WillC"]
[Result "1-0"]
[WhiteElo "1626"]
[BlackElo "1581"]
[Opening "Queen's gambit declined"]
[ECO "D30"]
[Time "17:01:34"]
[TimeControl "2700+45"]

1. d4 d5 2. c4 e6 3. cxd5 exd5 4. Nf3 Nf6 5. Nc3 Be7 6. Qc2 O-O 7. e3 Bg4 8. Be2
c5 9. h3 Bh5 10. b3 Nc6 11. O-O Rc8 12. Qd1 Nb4 13. a3 Nc6 14. dxc5 Bxc5 15. b4
Bd6 16. Bb2 a6 17. Rc1 b5 18. Re1 Bb8 19. Rc2 Qd6 20. g3 Qe6 21. Kg2 Rfd8 22.
Rd2 Bg6 23. Bd3 Ne4 24. Bxe4 dxe4 25. Nd4 Nxd4 26. Rxd4 Rxd4 27. Qxd4 Be5 28.
Qd2 Qf6 29. Nd5 Qe6 30. Bxe5 Qxe5 31. Nf4 Bf5 32. Rc1 Qe8 33. Rd1 h6 34. Rc1 Rd8
35. Qb2 Qd7 36. Nh5 Bxh3+ 37. Kh2 Qg4 38. Nf4 Bf1 39. Rxf1 g5 40. Ne2 Qh5+ 41.
Kg1 Qg4 42. Nd4 h5 43. Qe2 Qh3 44. Rc1 h4 45. Qh5 f6 46. Qg6+ {Black resigns}
1-0

[Event "Team 45 45 League T82"]
[Site "Internet Chess Club"]
[Date "2019.09.25"]
[Round "1"]
[White "dalmata"]
[Black "Kingofknights"]
[Result "1/2-1/2"]
[WhiteElo "1519"]
[BlackElo "1610"]
[Opening "QGD Slav defense"]
[ECO "D10"]
[Time "17:00:14"]
[TimeControl "2700+45"]

1. d4 d5 2. c4 c6 3. Nc3 Nf6 4. Bg5 dxc4 5. e4 b5 6. a4 Qb6 7. axb5 cxb5 8. e5
Nfd7 9. Nf3 Bb7 10. Be2 e6 11. O-O Na6 12. Bd2 Nc7 13. b3 cxb3 14. Qxb3 a6 15.
Qc2 Be7 16. Ne4 O-O 17. Ba5 Qc6 18. Qxc6 Bxc6 19. Rfc1 Bxe4 20. Rxc7 Bd8 21.
Rxd7 Bxa5 22. Rxa5 Rfc8 23. Ra1 b4 24. Bd1 a5 25. Nd2 Bd5 26. Bb3 Bxb3 27. Nxb3
a4 28. Nc5 b3 29. Rb7 g6 30. f4 Rcb8 31. Rxb8+ Rxb8 32. Nxa4 Ra8 33. Kf2 b2 34.
Rb1 Rxa4 35. Rxb2 Rxd4 36. Ke3 Rd1 37. g3 Kg7 38. Rd2 Rh1 39. Kf3 h5 40. Kg2 Rc1
41. Kf3 Rc3+ 42. Kg2 Rc5 43. h4 Kf8 44. Rd7 Ke8 45. Rd3 Ke7 46. Kf3 Rd5 47. Re3
f6 48. g4 fxe5 49. fxe5 Rd4 {Game drawn by mutual agreement} 1/2-1/2

[Event "Team 45 45 League T82"]
[Site "Internet Chess Club"]
[Date "2019.09.25"]
[Round "1"]
[White "tightfist"]
[Black "Megasus"]
[Result "1-0"]
[WhiteElo "1515"]
[BlackElo "1511"]
[Opening "Sicilian: O'Kelly variation"]
[ECO "B28"]
[Time "20:30:58"]
[TimeControl "2700+45"]

1. Nf3 c5 2. e4 a6 3. c3 Nc6 4. d4 cxd4 5. cxd4 Qc7 6. Nc3 e6 7. Be2 Nf6 8. Bg5
Be7 9. O-O h6 10. Bh4 g5 11. Bg3 d6 12. Rc1 Qb8 13. h3 Bd7 14. e5 Nh7 15. Re1 d5
16. a3 b5 17. Qc2 Qb7 18. b4 Rc8 19. Bd3 Nf8 20. Qb1 h5 21. Ne2 Qb6 22. Qb2 g4
23. hxg4 hxg4 24. Nd2 Bg5 25. Rc2 Qd8 26. Nb3 Bh4 27. Nc5 Bxg3 28. fxg3 Qg5 29.
Nf4 Qh6 30. Nb7 Ke7 31. Nd6 Rc7 32. Kf2 f5 33. Rcc1 Qg7 34. Nxd5+ exd5 35. Bxf5
Ne6 36. Qb3 Nexd4 37. Qxd5 Nxf5 38. Rxc6 Rxc6 39. Nxf5+ Bxf5 40. Qxc6 Bd7 41.
Qd6+ Ke8 42. e6 Bc8 43. e7 Qf7+ 44. Kg1 Qc4 45. Qd8+ Kf7 46. Qxh8 {Black
resigns} 1-0

[Event "Team 45 45 League T82"]
[Site "Internet Chess Club"]
[Date "2019.09.29"]
[Round "1"]
[White "kabindra"]
[Black "Bizzy-Ketty"]
[Result "1-0"]
[WhiteElo "1653"]
[BlackElo "1582"]
[Opening "Caro-Kann: advance variation"]
[ECO "B12"]
[Time "11:00:32"]
[TimeControl "2700+45"]

1. e4 c6 2. d4 d5 3. e5 Bf5 4. Ne2 e6 5. Ng3 Bg6 6. h4 h6 7. h5 Bh7 8. Bd3 Bxd3
9. cxd3 Nd7 10. O-O Qb6 11. Be3 Qxb2 12. Nd2 Qb6 13. Nb3 Qc7 14. f4 f5 15. exf6
Ngxf6 16. Nc5 Nxc5 17. dxc5 O-O-O 18. d4 Qf7 19. f5 Be7 20. fxe6 Qxe6 21. Bf4
Rde8 22. Qa4 a6 23. Qb3 Bd8 24. Rab1 Qd7 25. Nf5 Ne4 26. Nd6+ Nxd6 27. Bxd6 b5
28. a4 Kb7 29. axb5 axb5 30. Ra1 Bc7 31. Qg3 Bxd6 32. cxd6 Rhf8 33. Qg6 Kb6 34.
Rxf8 Rxf8 35. Qg3 Qf7 36. d7 Kb7 37. d8=Q Rxd8 38. Qa3 Qe8 39. Qa7+ Kc8 40. Qa8+
Kd7 41. Qa7+ Kd6 42. Qc5+ Kd7 43. Ra7+ Ke6 44. Rxg7 Kf6 45. Rg6+ Kf7 46. Qa7+
Rd7 47. Qa1 Qe3+ 48. Kh1 Qe2 49. Rxh6 Re7 50. Kh2 Qe3 51. Qf1+ Ke8 52. Qf6 Qe4
53. Qxc6+ Kf7 54. Rf6+ Kg8 55. Rg6+ Kf7 56. Qf6+ Ke8 57. h6 Qe2 58. Qf5 Kd8 59.
Qxd5+ Rd7 60. Rg8+ Kc7 61. Qc5+ Kb7 62. Qc8+ Kb6 63. Qxd7 Qh5+ 64. Qh3 Qd5 65.
Rg6+ Kc7 66. Rg7+ Kb6 67. Rg6+ Kc7 68. h7 b4 69. h8=Q b3 70. Q8c8# {Black
checkmated} 1-0

[Event "Team 45 45 League T82"]
[Site "Internet Chess Club"]
[Date "2019.09.26"]
[Round "1"]
[White "Gojira"]
[Black "julesraider"]
[Result "1/2-1/2"]
[WhiteElo "1599"]
[BlackElo "1625"]
[Opening "Queen's pawn: London system"]
[ECO "A45"]
[Time "21:00:37"]
[TimeControl "2700+45"]

1. d4 Nf6 2. Bf4 g6 3. Nc3 Bg7 4. Qd2 d5 5. Bh6 Bxh6 6. Qxh6 Bf5 7. O-O-O Nc6 8.
e3 Nb4 9. a3 Nxc2 10. Bd3 Bxd3 11. Rxd3 Nxa3 12. bxa3 Qd6 13. Nb1 Qa6 14. Rd1
Qc4+ 15. Kb2 Qb5+ 16. Ka2 Ne4 17. Nh3 Qe2+ 18. Ka1 a5 19. Qf4 Nd6 20. Rhe1 Qb5
21. Qf3 Nc4 22. Qe2 Ra6 23. Nf4 Rb6 24. Qc2 a4 25. Rc1 Na5 26. Nd2 O-O 27. Rb1
Nb3+ 28. Ka2 Ra8 29. Nxb3 axb3+ 30. Rxb3 Qa4 31. Nxd5 Rxb3 32. Qxb3 Qd7 33. Qxb7
Ra5 34. Qc8+ Qxc8 35. Nxe7+ Kf8 36. Nxc8 Ra8 37. Rc1 Rxc8 38. a4 Ke7 39. Rc6 Kd7
40. d5 Ra8 41. Ka3 f5 42. Kb4 Rb8+ 43. Ka3 Ra8 44. Rf6 Ra5 45. Rf7+ Kd6 46. Rxh7
Rxd5 47. Rg7 c5 48. Rxg6+ Kc7 49. Rf6 Rd3+ 50. Kb2 Rd2+ 51. Kc3 Rxf2 52. e4 f4
53. h4 Rxg2 54. Rxf4 Ra2 55. Kc4 Rc2+ 56. Kb5 c4 57. e5 c3 58. Kb4 Re2 59. Kxc3
Rxe5 60. Kb4 Kb7 61. a5 Rh5 62. Rg4 Ka6 63. Kc3 Rxa5 64. Rg5 Ra4 65. Rh5 Kb7 66.
Kd3 Kc7 67. Ke3 Kd7 68. Kf3 Ke7 69. Kg3 Kf7 70. Rg5 Kf6 71. Rg8 Kf7 72. Rg4
{Game drawn by mutual agreement} 1/2-1/2

[Event "Team 45 45 League T82"]
[Site "Internet Chess Club"]
[Date "2019.09.25"]
[Round "1"]
[White "ARMAND02019"]
[Black "tryanything"]
[Result "1/2-1/2"]
[WhiteElo "1631"]
[BlackElo "1507"]
[Opening "Budapest defense declined"]
[ECO "A51"]
[Time "19:06:25"]
[TimeControl "2700+45"]

1. d4 Nf6 2. c4 e5 3. d5 Bc5 4. Nc3 d6 5. e3 O-O 6. Bd3 c6 7. Nge2 cxd5 8. Nxd5
Nxd5 9. cxd5 f5 10. O-O Qg5 11. f4 Qh6 12. Kh1 e4 13. Bc4 Nd7 14. a3 a5 15. Nd4
Bxd4 16. Qxd4 Nc5 17. Bd2 b5 18. Ba2 a4 19. Rac1 Nd3 20. Rc7 Qf6 21. Qxf6 Rxf6
22. Bc3 Rf7 23. Rc6 Rd7 24. Bb1 Ba6 25. Bxd3 exd3 26. Bb4 d2 27. Bxd2 b4 28.
Rfc1 bxa3 29. bxa3 Bb7 30. Rc7 Rxc7 31. Rxc7 Bxd5 32. Bc3 g6 33. Kg1 Ra6 34.
Rg7+ Kf8 35. Rxh7 Rc6 36. Bb4 Rc1+ 37. Kf2 Rc2+ 38. Ke1 Rxg2 39. Bxd6+ Kg8 40.
Rh4 Kf7 41. Be5 Ra2 42. Rh7+ Ke6 43. Rh6 Rg2 44. h4 Kf7 45. Rh7+ Ke6 46. h5 gxh5
47. Rxh5 Be4 48. Rh6+ Kd5 49. Rd6+ Kc4 50. Rb6 Bc2 51. Bd4 Kd5 52. Kf1 Rh2 53.
Kg1 Re2 54. Rb5+ Ke4 55. Rb4 Kf3 56. Rb2 Kg3 57. Kf1 Kf3 58. Bc5 Rd2 59. Kg1
Rg2+ 60. Kh1 Re2 61. Kg1 Kg3 62. Bb4 Rg2+ 63. Kh1 Rh2+ 64. Kg1 Rg2+ 65. Kh1 Rh2+
66. Kg1 Rg2+ 67. Kh1 Rh2+ 68. Kg1 Rg2+ {Game drawn by repetition} 1/2-1/2